 Dungeon Crawl Stone Soup version 0.17-a0-83-g894156c (console) character file.

12 MrRokkomies the Vexing (level 2, -4/19 HPs)
             Began as a Vampire Enchanter on Mar 17, 2015.
             Slain by a gnoll
             ... wielding a +0 halberd
              (15 damage)
             ... on level 1 of the Dungeon.
             The game lasted 00:02:13 (372 turns).

MrRokkomies the Vexing (Vampire Enchanter)           Turns: 372, Time: 00:02:13

Health: -4/19      AC:  4    Str:  7    XL:     2   Next: 20%
Magic:  0/4        EV: 12    Int: 17    God:
Gold:   22         SH:  0    Dex: 14    Spells: 2 memorised, 2 levels left

rFire  . . .     SeeInvis +     a - +1 dagger
rCold  . . .     Clarity  .     b - +1 robe
rNeg   + . .     SustAb   .     (no shield)
rPois  .         Gourm    .     (no helmet)
rElec  .         Spirit   .     (no cloak)
rCorr  .         Warding  .     (no gloves)
rMut   .         Stasis   .     k - +0 pair of boots
MR     .....                    (no amulet)
Stlth  +++.......               (no ring)
                                (no ring)

@: not resistant to hostile enchantments, fairly stealthy
A: bottle blood, fangs 3, see invisible, unbreathing
a: no special abilities


You were on level 1 of the Dungeon.
You were not thirsty.

You visited 1 branch of the dungeon, and saw 1 of its levels.

You collected 22 gold pieces.

Inventory:

Hand weapons
 a - a +1 dagger (weapon)
Missiles
 f - 13 stones (quivered)
Armour
 b - a +1 robe (worn)
 k - a +0 pair of boots (worn)
Scrolls
 e - a scroll of magic mapping {unknown}
 g - a scroll of identify {unknown}
 h - a scroll of amnesia {unknown}
 l - a scroll of fear {unknown}
Potions
 d - a potion of blood
 i - a potion of invisibility {unknown}
 j - a potion of heal wounds {unknown}
Books
 c - a book of Maledictions

   Spells                             Type                      Level
   a - Corona                         Hexes                        1
   b - Sure Blade                     Hexes/Charms                 2
   c - Ensorcelled Hibernation        Hexes/Ice                    2
   d - Confuse                        Hexes                        3
   e - Dazzling Spray                 Conjuration/Hexes            3
   f - Enslavement                    Hexes                        4


   Skills:
 * Level 2.0 Short Blades
 - Level 2.1 Dodging
 - Level 4.4 Stealth
 - Level 2.0 Spellcasting
 * Level 4.8 Hexes


You had 2 spell levels left.
You knew the following spells:

 Your Spells              Type           Power        Failure   Level  Hunger
a - Corona                Hex            ###....      2%          1    #......
b - Ensorcelled Hibernat  Hex/Ice        #.....       14%         2    ###....


Dungeon Overview and Level Annotations

Branches:
Dungeon (1/15)

Altars:


Innate Abilities, Weirdness & Mutations

You can bottle blood from corpses.
You have razor-sharp teeth.
You have supernaturally acute eyesight.
You can survive without breathing.


Message History

You start resting.
The gnoll hits you from afar with a halberd.
You close the door.
A gnoll opens the door.
You see here 11 bolts of frost.
Casting: Ensorcelled Hibernation
Confirm with . or Enter, or press ? or * to list all spells.
Aiming: Ensorcelled Hibernation
Press: ? - help, Shift-Dir - straight line, f/p - gnoll
Aim: a gnoll, wielding a halberd (chance 50%)
The gnoll resists with some effort.
The gnoll barely misses you.
Casting: Ensorcelled Hibernation
Confirm with . or Enter, or press ? or * to list all spells.
Aiming: Ensorcelled Hibernation
Press: ? - help, Shift-Dir - straight line, f/p - gnoll
Aim: a gnoll, wielding a halberd (chance 50%)
The gnoll resists with some effort.
The gnoll hits you from afar with a halberd!
Ouch! That really hurt!
You die...

#.# #.## ##.............
#.#####.%####......###.....
#.#........................
#.#####..###...........#### #.#
#....# #...###.##..# # #.#
#.#..###...###.....####
#######.###.#............##......
.....>...........................
..............g.@....(...........
........##########.#.....##..##.#
..............####.#.....##......
..............+..................
#######.......#####...#####..##.#
#.......# #.>.# #..##.# #.......#
#...# #...... #..†....# #.⌠(#
##.##.# #.......# #...# #.##..


You could see a gnoll.

Vanquished Creatures
  2 bats (D:1)
  A hobgoblin (D:1)
  An ooze (D:1)
  A giant cockroach (D:1)
  A giant newt (D:1)
  A goblin (D:1)
  4 jackals (D:1)
  A rat (D:1)
12 creatures vanquished.

Notes
Turn   | Place    | Note
--------------------------------------------------------------
     0 | D:1      | MrRokkomies, the Vampire Enchanter, began the quest for the Orb.
     0 | D:1      | Reached XP level 1. HP: 13/13 MP: 3/3
   123 | D:1      | Reached XP level 2. HP: 17/19 MP: 4/4
   134 | D:1      | Learned a level 2 spell: Ensorcelled Hibernation
   372 | D:1      | Slain by a gnoll

Action                   || total
-------------------------++-------
Melee: Dagger            ||    41
 Cast: Ensorcelled Hiber ||     4
 Stab: Sleeping          ||     2
